 Dungeon Crawl Stone Soup version 0.28-a0-883-gc8d7bad45d (webtiles) character file.

Game seed: 12797172029741342890

5527 mandarbmax the Fruitful (level 10, -2/70 (77) HPs)
             Began as a Demonspawn Delver on Nov 22, 2021.
             Was a Priest of Fedhas.
             Slain by a vampire mosquito (9 damage)
             ... on level 11 of the Dungeon on Nov 28, 2021.
             The game lasted 00:24:56 (11767 turns).

mandarbmax the Fruitful (Demonspawn Delver)        Turns: 11767, Time: 00:24:56

HP:   -2/70 (77)    AC: 10    Str: 15    XL:     10   Next: 43%
MP:   14/17         EV: 23    Int: 12    God:    Fedhas [***...]
Gold: 916           SH:  0    Dex: 21    Spells: 9/9 levels left

rFire   . . .      SeeInvis .   a - +3 whip (drain)
rCold   . . .      Faith    +   (no shield)
rNeg    . . .      Spirit   .   p - +3 ring mail
rPois   .          Reflect  .   (helmet restricted)
rElec   .          Harm     .   j - scarf {repulsion}
rCorr   .          Rampage  .   m - +0 pair of gloves
Will    .....                   h - +0 pair of boots
Stlth   ++........              k - amulet of faith
HPRegen 0.21/turn               t - +6 ring of dexterity
MPRegen 0.15/turn               C - +4 ring of evasion

@: agile, about to teleport, drained, repel missiles
A: antennae 1, claws 1, powered by pain 2, weakness stinger 1
a: Renounce Religion, Wall of Briars, Grow Ballistomycete


You were on level 11 of the Dungeon.
You worshipped Fedhas.
Fedhas was most pleased with you.
You visited 2 branches of the dungeon, and saw 12 of its levels.
You also visited: Bailey.

You collected 916 gold pieces.

Inventory:

Hand Weapons
 a - a +3 whip of draining (weapon)
 b - a +0 shortbow
 v - a +1 flail of protection
Missiles
 s - 71 arrows
Armour
 h - a +0 pair of boots (worn)
 j - a scarf of repulsion (worn)
 m - a +0 pair of gloves (worn)
 p - a +3 ring mail (worn)
 w - the +3 leather armour "Cumidej" {Drain Dex+5}
   (You found it on level 8 of the Dungeon)

   Dex:       It affects your dexterity (+5).
   Drain:     It drains your maximum health when unequipped.
 x - +0 steam dragon scales
 A - a +0 leather armour of fire resistance
 D - a +3 chain mail of poison resistance
Jewellery
 k - an amulet of faith (around neck)
 t - a +6 ring of dexterity (left hand)
 z - a ring of protection from fire
 C - a +4 ring of evasion (right hand)
Wands
 d - a wand of paralysis (8)
 g - a wand of digging (6)
 y - a wand of acid (11)
Scrolls
 c - 6 scrolls of fog
 e - 12 scrolls of identify
 f - 3 scrolls of fear
 i - 8 scrolls of teleportation
 n - a scroll of silence
 u - 2 scrolls of amnesia
Potions
 l - a potion of ambrosia
 q - a potion of haste
 r - a potion of flight
 B - a potion of resistance
 E - a potion of lignification


   Skills:
 + Level 6.4 Fighting
 - Level 9.1 Maces & Flails
 + Level 1.3 Armour
 - Level 5.1 Dodging
 - Level 4.5 Stealth
 - Level 10.0 Invocations
 - Level 5.0 Evocations


You had 9 spell levels left.
You didn't know any spells.
Your spell library contained the following spells:

 Spells                   Type           Power      Damage    Failure   Level
 Malign Gateway           Summ/Tloc      0%         N/A       100%        7
 Summon Horrible Things   Summ           0%         N/A       100%        8


Dungeon Overview and Level Annotations

Branches:
Dungeon (11/15)            Temple (1/1) D:6          Bailey (visited)
   Lair: D:8-11         Orc: D:9-12

Altars:
Ashenzari
Cheibriados
Dithmenos
Elyvilon
Fedhas
Gozag
Hepliaklqana
Nemelex Xobeh
Okawaru
Qazlal
Ru
Sif Muna
Trog
Uskayaw
Vehumet
Yredelemnul

Shops:
D:7 ?(::   D:9 [

Annotations:
D:2 1 runed translucent door, Crazy Yiuf


Innate Abilities, Weirdness & Mutations

You have a pair of small antennae on your head.
You have sharp fingernails.
You sometimes gain power by taking damage.
You have a small tail.


Message History

You focus on the pain.
You feel agile all of a sudden. The vampire mosquito bites you!
* * * LOW HITPOINT WARNING * * *
You focus on the pain.
You feel more agile all of a sudden.
The vampire mosquito draws strength from your injuries!
The vampire mosquito completely misses you.
As you read the scroll of fear, it crumbles to dust.
You assume a fearsome visage.
The guardian serpent looks frightened!
The vampire mosquito is unaffected. x3
* * * LOW HITPOINT WARNING * * *
You feel very sick.
The vampire mosquito closely misses you.
The vampire mosquito bites you.
* * * LOW HITPOINT WARNING * * *
The vampire mosquito draws strength from your injuries!
The vampire mosquito bites you but does no damage.
The vampire mosquito misses you.
The vampire mosquito completely misses you.
You feel better.
The vampire mosquito barely misses you. x2
The vampire mosquito misses you. The vampire mosquito bites you.
* * * LOW HITPOINT WARNING * * *
The vampire mosquito draws strength from your injuries!
The vampire mosquito misses you.
Okay, then.
Okay, then.
Okay, then.
Okay, then.
As you read the scroll of teleportation, it crumbles to dust.
You feel strangely unstable.
The vampire mosquito bites you but does no damage.
The vampire mosquito bites you.
* * * LOW HITPOINT WARNING * * *
The vampire mosquito draws strength from your injuries!
The vampire mosquito closely misses you.
The vampire mosquito bites you but does no damage.
The vampire mosquito bites you!
You die...
Fedhas appreciates your contribution to the ecosystem.

#.....#.......#
#.....#.......#
#.....#.......#
#.....#.......#
#.....#.......#
#.....#.......#
#####.........#
........#####P..#
..#####.# #.y@#{
..#####.yy#
...#![$#...#
....#:$?#...#
#....##+##.......y.y
##+#.. ............y
...S......y....
...............
..........(....


You could see a guardian serpent (fleeing), 3 vampire mosquitoes and a friendly
ballistomycete (summoned).

Vanquished Creatures
  A troll (D:9)
  A meliai (shapeshifter) (D:10)
  Prince Ribbit (D:8)
  A shadow (D:9)
  6 yaks (D:10)
  2 wraiths
  2 steam dragons
  An acid dragon (D:9)
  Edmund (D:6)
  2 sky beasts
  A hornet zombie (D:9)
  3 orc warriors (Bailey)
  3 black bears
  3 ice beasts
  3 ogres
  A centaur (D:10)
  4 kobold brigands
  A scorpion (D:5)
  A wyvern skeleton (D:7)
  A water moccasin skeleton (D:6)
  7 wights (D:8)
  4 howler monkeys
  An electric eel (D:9)
  2 centaur zombies (D:5)
  3 hounds
  A centaur skeleton (D:7)
  A gnoll shaman (D:6)
  Natasha (thrice) (D:2)
  3 iguanas
  4 orc wizards
  2 killer bee zombies
  A hound skeleton (D:5)
  A howler monkey zombie (D:8)
  6 adders
  6 gnolls
  2 white imps
  2 ufetubi
  3 worms
  15 orcs
  5 endoplasms
  3 giant cockroaches
  8 goblins
  6 hobgoblins
  3 jackals (D:1)
  33 kobolds
  A quokka (D:1)
  4 ball pythons
  7 bats
  2 frilled lizards (D:1)
  8 rats
  A spectral goblin (D:1)
187 creatures vanquished.

Vanquished Creatures (others)
  3 fungi (D:9)
3 creatures vanquished.

Grand Total: 190 creatures vanquished

Notes
Turn   | Place    | Note
-------+----------+-------------------------------------------
     0 | D:5      | mandarbmax the Demonspawn Delver began the quest for the
                  | Orb.
     0 | D:5      | Reached XP level 1. HP: 18/18 MP: 1/1
    92 | D:5      | Discovered your monstrous ancestry.
    92 | D:5      | Gained mutation: You have a pair of small antennae on your
                  | head. [demonic ancestry]
    92 | D:5      | Reached XP level 2. HP: 20/24 MP: 2/2
   463 | D:3      | Gained mutation: You sometimes gain a little power by
                  | taking damage. [demonic ancestry]
   463 | D:3      | Reached XP level 3. HP: 13/29 MP: 3/3
  1298 | D:1      | Found a faded altar of an unknown god.
  2290 | D:1      | Reached XP level 4. HP: 31/35 MP: 4/4
  2850 | D:2      | Noticed Natasha
  2857 | D:2      | Killed Natasha
  2987 | D:2      | Noticed Natasha
  2998 | D:2      | Killed Natasha
  2999 | D:2      | Reached XP level 5. HP: 41/41 MP: 5/5
  3163 | D:2      | Found a runed translucent door.
  3164 | D:2      | Noticed Crazy Yiuf
  3537 | D:2      | Noticed Natasha
  3541 | D:2      | Killed Natasha
  3542 | D:2      | Reached skill level 5 in Maces & Flails
  4164 | D:4      | Gained mutation: You have a small tail. [demonic ancestry]
  4164 | D:4      | Reached XP level 6. HP: 45/47 MP: 6/6
  5163 | D:5      | Reached XP level 7. HP: 43/52 MP: 7/7
  5706 | D:6      | Noticed Edmund
  5756 | D:5      | Reached XP level 8. HP: 58/58 MP: 8/8
  5768 | D:6      | Found a staircase to the Ecumenical Temple.
  5777 | Temple   | Entered the Ecumenical Temple
  5973 | Temple   | Became a worshipper of Fedhas Madash
  6436 | D:6      | Reached skill level 1 in Invocations
  6527 | D:6      | Killed Edmund
  6528 | D:6      | Reached skill level 2 in Invocations
  6528 | D:6      | Reached skill level 1 in Evocations
  6642 | D:6      | Reached skill level 3 in Invocations
  7033 | D:7      | Reached skill level 4 in Invocations
  7185 | D:7      | Found Inoacur's Magic Scroll Boutique.
  7209 | D:7      | Reached * piety under Fedhas
  7253 | D:7      | Reached skill level 5 in Invocations
  7253 | D:7      | Gained mutation: You have sharp fingernails. [demonic
                  | ancestry]
  7253 | D:7      | Reached XP level 9. HP: 38/65 MP: 12/12
  7541 | D:7      | Found Ackadiebli's Antique Weapon Shoppe.
  7655 | D:7      | Found Socoupa's Book Boutique.
  7682 | D:7      | Found Eziestup's Book Emporium.
  8140 | D:8      | Noticed Prince Ribbit
  8151 | D:8      | Killed Prince Ribbit
  8263 | D:8      | Identified the +3 leather armour "Cumidej" {Drain Dex+5}
  8306 | D:8      | Reached skill level 6 in Invocations
  9222 | D:8      | Reached skill level 7 in Invocations
  9514 | D:8      | Reached ** piety under Fedhas
  9583 | D:9      | Reached skill level 5 in Fighting
  9702 | D:9      | Found Cheibriados's Comfort Zone.
  9705 | D:9      | Found a snail-covered altar of Cheibriados.
  9897 | D:9      | Reached skill level 8 in Invocations
 10349 | D:9      | Noticed a troll
 10364 | D:9      | Killed a troll
 10493 | D:9      | Found a hide-covered altar of Uskayaw.
 10494 | D:9      | Found a stormy altar of Qazlal.
 10549 | D:10     | Entered Level 10 of the Dungeon
 10549 | D:10     | Noticed a meliai
 10553 | D:10     | Killed a meliai
 10554 | D:10     | Gained mutation: You sometimes gain power by taking damage.
                  | [demonic ancestry]
 10554 | D:10     | Reached XP level 10. HP: 72/75 MP: 16/16
 10829 | D:10     | Reached skill level 9 in Invocations
 10862 | D:10     | Reached skill level 5 in Dodging
 10880 | D:10     | Reached skill level 5 in Evocations
 10950 | D:10     | Found a flagged portal.
 10959 | Bailey   | Entered a bailey
 11124 | Bailey   | Reached *** piety under Fedhas
 11131 | Bailey   | Reached skill level 10 in Invocations
 11212 | Bailey   | Found a bloodstained altar of Trog.
 11569 | D:11     | Noticed a two-headed ogre
 11619 | D:10     | Reached skill level 1 in Armour
 11754 | D:11     | Noticed a guardian serpent
 11767 | D:11     | Slain by a vampire mosquito

Illustrated notes

Levels and vault maps discovered:
D:1:      elethiomel_arrival_quiet, layout_basic,
          dreamdust_ecumenical_altar_drowned_temple
D:2:      layout_loops_ring, minmay_tetromino_i4, uniq_natasha,
          uniq_crazy_yiuf_cottage
D:3:      layout_loops_ring
D:4:      layout_basic
D:5:      layout_basic
D:6:      layout_gridville, minmay_temple_entry_sparse_star, uniq_edmund
D:7:      layout_cave_pods, serial_shops, nicolae_take_the_stairs, shop, shop,
          nicolae_shop_behind_doors
D:8:      layout_loops_cross, minmay_misc_feat_encased, uniq_prince_ribbit1
D:9:      layout_basic, gammafunk_temple_overflow_statue, minmay_shop_chei,
          fungi_pond_lemuel
D:10:     layout_irregular_city, enter_bailey_2
D:11:     minmay_box_of_curves, layout_irregular_city, orc_0_dummy,
          nrook_guardian_serpent_double
Temple:   mainiacjoe_temple_cubbyholes

Skill      XL: |  1  2  3  4  5  6  7  8  9 10 |
---------------+-------------------------------+-----
Maces & Flails | 2 3 4 5 6 8 9 |  9.1
Dodging        | 2 3 4 5 |  5.1
Invocations    | 5 8 10 | 10.0
Evocations     | 2 4 5 |  5.0
Fighting       | 4 5 6 |  6.4
Armour         | 1 |  1.3
Stealth        | |  4.5

Action                   |  1- 3 |  4- 6 |  7- 9 | 10-12 || total
-------------------------+-------+-------+-------+-------++-------
Melee: Mace              |    51 |       |       |       ||    51
       Whip              |    76 |   138 |   443 |   179 ||   836
       Tailslap          |       |     6 |    98 |    37 ||   141
 Fire: Shortbow          |       |       |       |     3 ||     3
Invok: Grow Ballistomyce |       |       |       |     1 ||     1
Evoke: Wand              |       |       |     8 |     1 ||     9
  Use: Scroll            |     3 |     4 |     6 |     4 ||    17
       Potion            |     3 |       |       |     2 ||     5
 Stab: Sleeping          |    10 |     9 |     5 |     1 ||    25
       Distracted        |     1 |     1 |       |       ||     2
Armor: Leather armour    |    28 |    17 |    21 |     9 ||    75
       Ring mail         |       |    24 |    80 |    14 ||   118
Dodge: Dodged            |    92 |    65 |   241 |   161 ||   559
       Repelled          |       |     1 |     5 |       ||     6

Table legend: (Time is in decaauts)
 A = Elapsed time spent in this place.
 B = Non-inter-level travel time spent in this place.
 C = Inter-level travel time spent in this place.
 D = Time resting spent in this place.
 E = Time spent auto-exploring this place.
 F = Levels seen in this place.
 G = Mean time per level.
                   A        B        C        D        E       F      G
               +--------+--------+--------+--------+--------+-----+--------+
         Total |  11536 |  10905 |    631 |   1068 |   7434 |  13 |  887.4 |
       Dungeon |  10975 |  10420 |    555 |    992 |   7149 |  11 |  997.7 |
        Temple |    272 |    196 |     76 |      0 |    184 |   1 |  272.0 |
        Bailey |    288 |    288 |      0 |     76 |    101 |   1 |  288.0 |
               +--------+--------+--------+--------+--------+-----+--------+

Top non-repeatable levels by time:
     D:1: 1599 daAuts
     D:8: 1312 daAuts
     D:7: 1219 daAuts
     D:4: 1168 daAuts
     D:3: 1113 daAuts
     D:2: 963 daAuts
     D:9: 956 daAuts
     D:6: 890 daAuts
     D:5: 883 daAuts
    D:10: 817 daAuts
  Bailey: 288 daAuts
  Temple: 272 daAuts
    D:11: 50 daAuts
